 Dungeon Crawl Stone Soup version 0.29.1-4-g47bece8355 (webtiles) character file.

Game seed: 16592724805294383413

76 MacCMillion the Insei (level 4, 0/33 HPs)
             Began as an Octopode Transmuter on Dec 8, 2022.
             Slain by an orc
             ... wielding a +0 club
              (2 damage)
             ... on level 2 of the Dungeon.
             The game lasted 00:12:43 (3185 turns).

MacCMillion the Insei (Octopode Transmuter)         Turns: 3185, Time: 00:12:44

Health: 0/33       AC:  6    Str:  9    XL:     4   Next: 32%
Magic:  4/7        EV: 10    Int: 17    God:
Gold:   247        SH:  0    Dex: 12    Spells: 2/7 levels left

rFire   x . .      SeeInvis .     - Unarmed
rCold   + + +      Faith    .   (shield currently unavailable)
rNeg    + . .      Spirit   .   (helmet currently unavailable)
rPois   +          Reflect  .   (no amulet)
rElec   .          Harm     .   b - ring of positive energy
rCorr   .          Rampage  .   e - ring of wizardry
Will    .....                   (no ring)
Stlth   ++........              (no ring)
HPRegen 0.11/turn               (no ring)
MPRegen 0.10/turn               (no ring)
                                (no ring)
                                (no ring)

@: ice-form
A: freezing attack, boosted hp, almost no armour, amphibious, 8 rings, large,
(camouflage 1), (gelatinous body 1), (nimble swimmer 1), (tentacles)
a: End Transformation


You were on level 2 of the Dungeon.
You were a creature of crystalline ice.
You visited 1 branch of the dungeon, and saw 3 of its levels.

You collected 247 gold pieces.

Inventory:

Missiles
 g - 41 stones (quivered)
 n - 5 atropa-tipped darts
 q - a throwing net
Magical Staves
 m - a staff of cold (melded)
Jewellery
 b - a ring of positive energy (left front paw)
 e - a ring of wizardry (right front paw)
Wands
 p - a wand of light (7)
Scrolls
 d - a scroll of torment {unknown}
 h - 2 scrolls of identify {unknown}
 o - a scroll of immolation {unknown}
Potions
 a - a potion of lignification
 c - 2 potions of degeneration {unknown}
 f - a potion of curing {unknown}
 i - a potion of haste {unknown}
 j - a potion of ambrosia {unknown}
 k - a potion of berserk rage {unknown}
 l - 2 potions of flight {unknown}


   Skills:
 - Level 1.0 Fighting
 - Level 2.0 Dodging
 - Level 1.0 Stealth
 + Level 3.5 Unarmed Combat
 - Level 2.0 Spellcasting
 + Level 3.0 Transmutations
 + Level 2.1 Ice Magic


You had 2 spell levels left.
You knew the following spells:

 Your Spells              Type           Power      Damage    Failure   Level
a - Beastly Appendage     Tmut           24%        N/A       2%          1
b - Ice Form              Ice/Tmut       10%        N/A       26%         4

Your spell library contained the following spells:

 Spells                   Type           Power      Damage    Failure   Level
 Wereblood                Tmut           12%        N/A       3%          2
 Spider Form              Tmut/Pois      6%         N/A       12%         3
 Cause Fear               Hex            0%         N/A       56%         4
 Dragon Form              Tmut           6%         N/A       100%        7
 Dragon's Call            Summ           0%         N/A       100%        9


Dungeon Overview and Level Annotations

Branches:
Dungeon (3/15)

Altars:
Trog


Innate Abilities, Weirdness & Mutations

You are a creature of crystalline ice.
You have a powerful freezing melee attack.
Your maximum health is increased.
Your armour is entirely melded.
You are incapable of wielding weapons or throwing items.
You cannot wear most types of armour.
You are amphibious.
You can wear up to eight rings at the same time.
((Your skin changes colour to match your surroundings (Stealth+).))
((Your rubbery body absorbs attacks. (AC +1, EV +1)))
((You are camouflaged when in or above water. (Stealth+)))
((You have tentacles for arms and can constrict up to eight enemies at once.))


Message History

Okay, then.
Casting: Ice Form (astonishingly dangerous; 26% risk of failure)
Confirm with . or Enter, or press ? or * to list all spells.
You feel a surge of power!
You turn into a creature of crystalline ice.
Your staff of cold melds into your body.
The orc priest shouts!
You hear a shout! x2
The orc shouts!
The orc priest shouts!
The orc priest looks satisfied for a moment.
You punch the rat! You freeze the rat.
You kill the rat!
The orc priest hits you from afar with a +0 trident.
The orc priest hits you with a +0 whip.
You hit the orc priest. You freeze the orc priest.
The orc priest is lightly wounded.
The orc priest hits you with a +0 whip.
You punch the orc priest! You freeze the orc priest.
The orc priest is almost dead.
You barely miss the orc priest.
The orc priest is almost dead.
The orc hits you but does no damage. The orc priest hits you with a +0 whip.
The orc priest attacks as you move away!
The orc priest hits you but does no damage.
The orc priest looks encouraged for a moment.
There is a stone staircase leading up here.
The orc priest mumbles some strange prayers to Beogh against you.
Beogh smites you!
The orc priest invokes the aid of Beogh against you.
Beogh smites you!
* * * LOW HITPOINT WARNING * * *
You climb upwards.
There is a stone staircase leading down here.
You hit the orc. You freeze the orc.
The orc is heavily wounded.
The orc hits you with a +0 club.
* * * LOW HITPOINT WARNING * * *
You hit the orc but do no damage.
The orc is heavily wounded.
The orc hits you with a +0 club.
You die...

..................# #......
.....#............# ##......
.....##...........# ###.......
.....###..........## #.........
#..### #...........#####.##.####.
#...## ##........................
#.#..####........##.###.#...###..
#..#..##..........#[###.#.##....(
##.##...........Y.........##.####
#.#####.......o.................
##................#......########
.....###..........#...#..####....
.....# ##........##...........###
.....# #............)........###
.....#####..#..####..##.........#
..............####..###.######...
.....#..#.#..####...# #.# ##..


You could see an orc.

Vanquished Creatures
  Natasha (D:3)
  An adder (D:3)
  A worm (D:3)
  A dart slug (D:3)
  4 ball pythons
  An endoplasm (D:1)
  3 giant cockroaches
  6 goblins
  2 hobgoblins (D:3)
  9 kobolds
  3 bats
  A frilled lizard (D:1)
  3 rats
  A spectral hobgoblin (D:1)
37 creatures vanquished.

Notes
Turn   | Place    | Note
-------+----------+-------------------------------------------
     0 | D:1      | MacCMillion the Octopode Transmuter began the quest for the
                  | Orb.
     0 | D:1      | Reached XP level 1. HP: 13/13 MP: 3/3
   383 | D:1      | Reached XP level 2. HP: 7/18 MP: 5/5
   569 | D:1      | Found a faded altar of an unknown god.
   584 | D:1      | Reached skill level 1 in Stealth
   765 | D:1      | Reached skill level 1 in Ice Magic
  2016 | D:3      | Reached XP level 3. HP: 23/23 MP: 4/6
  2746 | D:3      | Noticed Natasha
  2752 | D:3      | Killed Natasha
  2753 | D:3      | Reached XP level 4. HP: 28/28 MP: 5/7
  2793 | D:3      | Learned a level 4 spell: Ice Form
  2828 | D:3      | Found a bloodstained altar of Trog.
  3184 | D:2      | HP: 1/33 [orc/+0 club (2)]
  3185 | D:2      | Slain by an orc

Illustrated notes

Levels and vault maps discovered:
D:1:      nagdon_arrival_zigzag_paths, layout_basic,
          dreamdust_ecumenical_altar_drowned_temple
D:2:      layout_rooms
D:3:      layout_loops_ring, trog_hazing_becter, kennysheep_orc_chapel,
          uniq_natasha

Skill      XL: |  1  2  3 |
---------------+----------+-----
Stealth        | 1 |  1.0
Ice Magic      | 1 2 |  2.1
Transmutations | 3 |  3.0
Fighting       | |  1.0
Dodging        | |  2.0
Unarmed Combat | |  3.5
Spellcasting   | |  2.0

Action                   |  1- 3 |  4- 6 || total
-------------------------+-------+-------++-------
Melee: Unarmed           |    63 |    15 ||    78
       Constrict         |    18 |       ||    18
       Kick              |    20 |       ||    20
       Tentacles         |     7 |       ||     7
       Punch             |     2 |       ||     2
Throw: Stone             |    13 |       ||    13
 Cast: Beastly Appendage |    25 |     2 ||    27
       Ice Form          |       |     3 ||     3
 Stab: Sleeping          |     5 |       ||     5
Armor: Skin              |     7 |     4 ||    11
Dodge: Dodged            |    40 |     2 ||    42
